 Dungeon Crawl Stone Soup version 0.22.1-2-g9c5b331 (webtiles) character file.

8746 whitewolfNL the Basher (level 11, -10/92 HPs)
             Began as a Minotaur Berserker on Nov 15, 2018.
             Was a High Priest of Trog.
             Mangled by an orc warlord
             ... wielding a +0 battleaxe
              (24 damage)
             ... on level 9 of the Dungeon.
             The game lasted 00:56:21 (12566 turns).

whitewolfNL the Basher (Minotaur Berserker)        Turns: 12566, Time: 00:56:22

Health: -10/92     AC: 19    Str: 22    XL:     11   Next: 14%
Magic:  12/12      EV: 10    Int:  5    God:    Trog [*****.]
Gold:   504        SH:  0    Dex: 12    Spells: 10/10 levels left

rFire    . . .     SeeInvis +   S - +3 battleaxe (freeze)
rCold    . . .     Gourm    .   (shield currently unavailable)
rNeg     . . .     Faith    .   u - +1 plate armour
rPois    .         Spirit   .   (helmet restricted)
rElec    .         Reflect  .   v - +0 cloak
rCorr    .         Harm     .   (no gloves)
MR       .....                  (no boots)
Stlth    ..........             (no amulet)
HPRegen  0.25/turn              e - ring of see invisible
MPRegen  0.13/turn              P - +3 ring of protection

@: berserk cooldown, hasted and slowed
A: retaliatory headbutt, horns 2
a: Berserk, Trog's Hand, Brothers in Arms, Renounce Religion


You were on level 9 of the Dungeon.
You worshipped Trog.
Trog was extremely pleased with you.
You were not hungry.

You visited 2 branches of the dungeon, and saw 10 of its levels.

You collected 504 gold pieces.

Inventory:

Hand Weapons
 a - a +0 hand axe of freezing
 r - a +0 scimitar of flaming
 w - a +3 falchion
 K - a +0 hand crossbow
 R - a +0 great mace
 S - a +3 battleaxe of freezing (weapon)
Missiles
 d - 68 sling bullets
 i - 16 bolts
 k - 119 arrows
 y - 23 poisoned needles
 H - 3 throwing nets (quivered)
 L - 8 javelins of penetration
Armour
 u - a +1 plate armour (worn)
 v - a +0 cloak (worn)
 D - a +0 buckler
Jewellery
 e - a ring of see invisible (left hand)
 l - an uncursed ring of ice
 P - a +3 ring of protection (right hand)
Wands
 E - a wand of paralysis (6)
 I - a wand of iceblast (13)
 J - a wand of enslavement (14)
 N - a wand of scattershot (5)
 Q - a wand of clouds (5)
Scrolls
 f - a scroll of blinking {unknown}
 j - a scroll of random uselessness {unknown}
 m - a scroll of amnesia {unknown}
 n - 4 scrolls of teleportation
 p - 4 scrolls of enchant armour
 x - 2 scrolls of remove curse
 B - a scroll of fear {unknown}
 G - a scroll of magic mapping {unknown}
Potions
 b - 2 potions of flight {unknown}
 o - 2 potions of berserk rage {unknown}
 q - 3 potions of heal wounds {unknown}
 s - 4 potions of lignification {unknown}
 t - a potion of haste
 z - a potion of cancellation {unknown}
 A - a potion of resistance {unknown}
 C - a potion of ambrosia {unknown}
 F - 2 potions of might {unknown}
 M - a potion of invisibility {unknown}
Comestibles
 c - 13 rations


   Skills:
 + Level 7.0 Fighting
 * Level 1.9(8.7) Axes
 + Level 12.7(12.8) Maces & Flails
   Level 1.3(1.8) Polearms
 + Level 8.6 Armour
 * Level 7.7 Dodging
 - Level 4.3 Stealth
 - Level 5.6 Shields
 * Level 3.6 Evocations


You had 10 spell levels left.
You didn't know any spells.
Your spell library was empty.

Dungeon Overview and Level Annotations

Branches:
Dungeon (9/15)             Temple (0/1) D:4            Lair (0/6) D:9
    Orc (1/2) D:9

Altars:
Ashenzari
Cheibriados
Gozag
Hepliaklqana
Okawaru
Trog
Vehumet
Xom
Yredelemnul
Jiyva


Innate Abilities, Weirdness & Mutations

You reflexively headbutt those who attack you in melee.
You have a pair of horns on your head.


Message History

The orc warlord is moderately wounded.
You slash the fungus! You freeze the fungus.
You hit the plant but do no damage. You slash the fungus!
You freeze the fungus.
You destroy the fungus!
The orc warlord hits you with a battleaxe.
* * * LOW HITPOINT WARNING * * *
You are too berserk!
You are no longer berserk.
Trog's vigour flows through your veins.
You are exhausted.
You feel yourself slow down.
As you read the scroll of fog, it crumbles to dust.
The scroll dissolves into smoke.
The orc warlord closely misses you.
You feel better.
The orc warlord hits you but does no damage.
You feel yourself speed up. The orc warlord completely misses you.
The orc warlord hits you with a battleaxe!!
You die...

#.....#....# ##...###
######################.<.#.#
#..............>.........#.##
#.####.#############.........
#.# #.# #..............### #.#
#.# #.#######..#..## #####.#
#.# #># #..#..# ......# #.#
#.# #..#..# #<#####
#.#####@#######..#..# #.#
#.....o..........>..#
#.########.##................#
#.............##........###..#
##########.#...########.# #..#
#.#......#####.###.[# #####
##...P.P..§§§§##...#.####
....#
#...P.P.P†§§§§...[[......
###.#
##..P.....P§P§§.###.#.####


You could see an orc warlord.

Vanquished Creatures
  Erolcha (D:9)
  A two-headed ogre (D:8)
  Erica (Orc:1)
  A dancing weapon (D:6)
  The ghost of Lilu the Skirmisher, a novice MiAK of Lugonu (D:6)
  An orc knight (Orc:1)
  A troll (D:9)
  A steam dragon (D:9)
  Menkaure (D:5)
  A warg (D:9)
  3 porcupines (D:9)
  A sky beast (D:8)
  11 orc warriors
  A black bear (D:8)
  An ice beast (D:7)
  3 ogres
  2 centaurs
  A wyvern zombie (D:8)
  A bullfrog (D:8)
  3 scorpions
  A water moccasin skeleton (D:4)
  5 wights (D:6)
  3 howler monkeys
  3 crimson imps
  A quasit (D:8)
  2 bullfrog zombies (D:5)
  A gnoll shaman (D:6)
  9 orc priests
  An iron imp (D:9)
  11 jellies
  A bullfrog skeleton (D:5)
  4 hounds
  Jessica (D:3)
  8 worker ants
  16 orc wizards
  A killer bee zombie (D:5)
  2 hound zombies
  A hound skeleton (D:9)
  A worker ant zombie (D:5)
  12 adders
  3 gnolls (D:6)
  6 oozes
  An adder skeleton (D:5)
  3 worms
  4 dart slugs
  3 leopard geckos
  39 orcs
  5 giant cockroaches
  8 goblins
  6 hobgoblins
  4 jackals (D:3)
  6 kobolds
  4 quokkas
  A ball python (D:3)
  12 bats
  6 frilled lizards
  A quokka zombie (D:5)
  3 rats
  A spectral orc (D:4)
  A fungus (D:9)
238 creatures vanquished.

Vanquished Creatures (others)
  5 fungi (D:9)
5 creatures vanquished.

Grand Total: 243 creatures vanquished

Notes
Turn   | Place    | Note
-------+----------+-------------------------------------------
     0 | D:1      | whitewolfNL the Minotaur Berserker began the quest for the
                  | Orb.
     0 | D:1      | Reached XP level 1. HP: 19/19 MP: 0/0
    44 | D:1      | Found a shimmering altar of Xom.
   267 | D:1      | Reached skill level 4 in Maces & Flails
   267 | D:1      | Reached XP level 2. HP: 27/27 MP: 1/1
   916 | D:2      | Reached skill level 1 in Stealth
   982 | D:2      | Reached XP level 3. HP: 33/33 MP: 2/2
   992 | D:2      | Found an opulent altar of Gozag.
  1149 | D:2      | Reached ** piety under Trog
  1183 | D:2      | Found a bloodstained altar of Trog.
  1548 | D:2      | Reached XP level 4. HP: 37/40 MP: 3/3
  1738 | D:2      | Found a radiant altar of Vehumet.
  2008 | D:3      | Reached skill level 5 in Maces & Flails
  2257 | D:3      | Reached XP level 5. HP: 10/46 MP: 4/4
  2949 | D:3      | Noticed Jessica
  2954 | D:3      | Killed Jessica
  3201 | D:4      | Reached skill level 6 in Maces & Flails
  3201 | D:4      | Reached XP level 6. HP: 49/52 MP: 5/5
  3226 | D:4      | Found a hazy altar of Hepliaklqana.
  3422 | D:4      | Found a basalt altar of Yredelemnul.
  3558 | D:4      | Found a staircase to the Ecumenical Temple.
  3784 | D:4      | Reached *** piety under Trog
  4284 | D:5      | Entered Level 5 of the Dungeon
  4293 | D:5      | Reached skill level 1 in Shields
  4321 | D:5      | Reached XP level 7. HP: 60/60 MP: 6/6
  4332 | D:5      | Found an iron altar of Okawaru.
  4340 | D:5      | Reached skill level 7 in Maces & Flails
  4637 | D:5      | Noticed Menkaure
  4827 | D:5      | Killed Menkaure
  5509 | D:5      | Reached skill level 8 in Maces & Flails
  5509 | D:5      | Reached XP level 8. HP: 47/67 MP: 7/7
  5951 | D:6      | Reached skill level 5 in Armour
  6294 | D:6      | Reached skill level 5 in Fighting
  6295 | D:6      | Reached **** piety under Trog
  6824 | D:6      | Reached skill level 5 in Dodging
  6983 | D:6      | Noticed a hand axe of chaos
  6984 | D:6      | Found a shimmering altar of Xom.
  6984 | D:6      | Noticed Lilu's ghost (novice MiAK)
  6985 | D:6      | Found a runed door.
  7000 | D:6      | Killed a hand axe of chaos
  7000 | D:6      | Reached skill level 9 in Maces & Flails
  7000 | D:6      | Reached skill level 1 in Polearms
  7000 | D:6      | Reached XP level 9. HP: 74/74 MP: 8/8
  7021 | D:6      | Killed Lilu's ghost
  7395 | D:6      | Found a shattered altar of Ashenzari.
  7465 | D:6      | Reached skill level 10 in Maces & Flails
  7974 | D:7      | Got a fine robe
  8823 | D:7      | Identified the +0 robe "Eruvvof" {*Corrode rElec Dex+8
                  | SInv} (You found it on level 7 of the Dungeon)
  8876 | D:8      | Reached skill level 1 in Evocations
  9320 | D:8      | Found a shimmering altar of Xom.
  9788 | D:8      | Found a viscous altar of Jiyva.
  9820 | D:8      | Reached XP level 10. HP: 58/83 MP: 10/10
  9919 | D:8      | Noticed a two-headed ogre
  9929 | D:8      | Killed a two-headed ogre
  9929 | D:8      | Reached skill level 11 in Maces & Flails
  9929 | D:8      | Reached skill level 5 in Shields
 10556 | D:9      | Noticed Erolcha
 10570 | D:9      | Killed Erolcha
 10704 | D:9      | Reached skill level 12 in Maces & Flails
 10746 | D:9      | HP: 4/84 [porcupine (5)]
 11191 | D:9      | Found a staircase to the Orcish Mines.
 11260 | D:9      | Reached ***** piety under Trog
 11303 | D:9      | Found a staircase to the Lair.
 11385 | D:9      | Found a snail-covered altar of Cheibriados.
 11793 | Orc:1    | Entered Level 1 of the Orcish Mines
 11813 | Orc:1    | Noticed an orc knight
 11966 | Orc:1    | Killed an orc knight
 11993 | Orc:1    | Reached XP level 11. HP: 91/91 MP: 12/12
 12082 | Orc:1    | Noticed an orc warlord
 12092 | Orc:1    | Noticed Erica
 12101 | Orc:1    | Noticed an orc knight
 12427 | Orc:1    | Killed Erica
 12427 | Orc:1    | Received a gift from Trog
 12427 | Orc:1    | Reached skill level 1 in Axes
 12552 | D:9      | HP: 5/138 [orc warlord/battleaxe (4)]
 12566 | D:9      | Mangled by an orc warlord

Skill      XL: |  1  2  3  4  5  6  7  8  9 10 11 |
---------------+----------------------------------+-----
Maces & Flails | 4 5 6 8 9 10 12 | 12.7
Stealth        | 1 2 3 4 |  4.3
Dodging        | 3 4 5 6 7 |  7.7
Fighting       | 4 5 6 7 |  7.0
Armour         | 3 4 6 7 8 |  8.6
Shields        | 1 2 4 5 |  5.6
Polearms       | 1 |  1.3
Evocations     | 1 3 |  3.6
Axes           | 1 |  1.9

Action                   |  1- 3 |  4- 6 |  7- 9 | 10-12 || total
-------------------------+-------+-------+-------+-------++-------
Melee: Mace              |    60 |   135 |   208 |   188 ||   591
       Headbutt          |    16 |    21 |    58 |    44 ||   139
       Dagger            |       |     2 |       |       ||     2
       Flail             |       |       |    93 |       ||    93
       Trident           |       |       |    10 |       ||    10
       Staff             |       |       |       |     3 ||     3
       Battleaxe         |       |       |       |    25 ||    25
Invok: Berserk           |       |     3 |    13 |    12 ||    28
Evoke: Wand              |       |       |       |     5 ||     5
  Use: Scroll            |       |     2 |     4 |     8 ||    14
       Potion            |       |       |       |     4 ||     4
 Stab: Sleeping          |     1 |     1 |       |       ||     2
       Distracted        |     1 |       |       |       ||     1
  Eat: Chunk             |     2 |    12 |    21 |    12 ||    47
       Ration            |       |       |     2 |     3 ||     5
Armor: Animal skin       |    11 |     2 |       |       ||    13
       Ring mail         |       |    10 |       |       ||    10
       Chain mail        |       |    83 |    25 |       ||   108
       Plate armour      |       |       |   173 |   129 ||   302
Dodge: Dodged            |    51 |    69 |   164 |   107 ||   391
Block: Buckler           |       |     2 |    81 |    31 ||   114
